 Dungeon Crawl Stone Soup version 0.20.0-10-g0535bb4 (webtiles) character file.

616 Zwobot the Slasher (level 7, 31/82 HPs)
             Began as a Vampire Monk on June 4, 2017.
             Was a Priest of Vehumet.
             Quit the game on level 5 of the Dungeon.
             The game lasted 00:13:10 (3784 turns).

Zwobot the Slasher (Vampire Monk)                   Turns: 3784, Time: 00:13:12

Health: 31/82      AC: 23    Str: 15    XL:     7   Next: 21%
Magic:  7/7        EV:  2    Int: 13    God:    Vehumet [***...]
Gold:   22         SH:  0    Dex: 18    Spells: 4/6 levels left

rFire    + . .     SeeInvis +   a - +0 falchion
rCold    + . .     Gourm    .   (no shield)
rNeg     + + +     Faith    .   (armour currently unavailable)
rPois    +         Spirit   .   (helmet currently unavailable)
rElec    .         Reflect  .   (cloak currently unavailable)
rCorr    .         Harm     .   (gloves currently unavailable)
MR       +....     NoTele   +   (boots currently unavailable)
Stlth    ++........             E - amulet "Coynehy" {RegenMP rF+}
Regen    0.3/turn               k - ring of protection from magic
MPRegen  0.2/turn               B - ring of protection from cold

@: mighty, tree-form
A: see invisible
a: Bat Form, Renounce Religion


You were on level 5 of the Dungeon.
You worshipped Vehumet.
Vehumet was most pleased with you.
You were not thirsty.
You were a tree.
You visited 1 branch of the dungeon, and saw 5 of its levels.

You collected 228 gold pieces.
You spent 206 gold pieces at shops.

Inventory:

Hand Weapons
 a - a +0 falchion (weapon)
 w - a +0 dagger of protection
Missiles
 d - 29 poisoned needles
 e - 161 stones (quivered)
 z - 4 tomahawks
Armour
 b - a +0 robe
 g - a +1 pair of gloves (melded)
 j - a +0 ring mail
 l - a cursed +0 leather armour (melded)
 D - a +0 pair of boots (melded)
 G - a +0 cloak (melded)
Jewellery
 k - a ring of protection from magic (left branch)
 B - a ring of protection from cold (right branch)
 E - the amulet "Coynehy" (around neck) {RegenMP rF+}
   (You found it on level 4 of the Dungeon)

   [amulet of magic regeneration]

   It increases your magic regeneration.
   It protects you from fire.
Wands
 u - a wand of confusion (22/48)
Scrolls
 f - 2 scrolls of fear
 o - a scroll of teleportation {unknown}
 p - 3 scrolls of fog {unknown}
 s - a scroll of enchant weapon {unknown}
 v - a scroll of recharging {unknown}
 y - 2 scrolls of remove curse {unknown}
Potions
 h - a potion of curing
 i - 2 potions of haste
 m - a potion of might
 r - a potion of resistance {unknown}
 t - a potion of agility {unknown}
 A - a potion of degeneration {unknown}
 C - a potion of heal wounds {unknown}
Books
 q - a book of Misfortune

   Spells                             Type                      Level
   a - Confusing Touch                Hexes                        1
   b - Confuse                        Hexes                        3
   c - Gell's Gravitas                Translocation                3
   d - Petrify                        Transmutation/Earth          4
   e - Metabolic Englaciation         Hexes/Ice                    5
   f - Yara's Violent Unravelling     Hexes/Transmutation          5
 x - a book of Conjurations

   Spells                             Type                      Level
   a - Magic Dart                     Conjuration                  1
   b - Searing Ray                    Conjuration                  2
   c - Dazzling Spray                 Conjuration/Hexes            3
   d - Fulminant Prism                Conjuration/Hexes            4
   e - Force Lance                    Conjuration/Translocation    4
   f - Iskenderun's Mystic Blast      Conjuration                  4
 F - a book of Flames

   Spells                             Type                      Level
   a - Flame Tongue                   Conjuration/Fire             1
   b - Throw Flame                    Conjuration/Fire             2
   c - Conjure Flame                  Conjuration/Fire             3
   d - Inner Flame                    Hexes/Fire                   3
   e - Sticky Flame                   Conjuration/Fire             4
   f - Fireball                       Conjuration/Fire             5


   Skills:
 + Level 4.7 Fighting
 * Level 7.2 Long Blades
 - Level 3.2 Dodging
 - Level 3.0 Stealth


You had 4 spell levels left.
You knew the following spells:

 Your Spells              Type           Power        Failure   Level  Hunger
a - Throw Flame           Conj/Fire      #.....       13%         2    ###....


Dungeon Overview and Level Annotations

Branches:
Dungeon (5/15)
 Temple: D:4-7

Altars:
Vehumet
Xom

Shops:
D:4 ([[


Innate Abilities, Weirdness & Mutations

((You have razor-sharp teeth.))
You have supernaturally acute eyesight. (SInv)
((You can survive without breathing.))


Message History

You completely miss the phantom. You bite the phantom.
The phantom is severely damaged.
The phantom barely misses you.
You slash the phantom!
The phantom is almost destroyed.
The phantom hits you but does no damage.
You hit the phantom.
The phantom is almost destroyed.
The phantom hits you.
The phantom blinks!
It was a potion of lignification.
You turn into a tree.
Your +0 cloak melds into your body.
Your +1 pair of gloves melds into your body.
Your +0 pair of boots melds into your body.
Your cursed +0 leather armour melds into your body.
Your roots penetrate the ground.
You hit the phantom.
You destroy the phantom!
Vehumet accepts your kill.
Your Long Blades skill increases to level 7!
Are you sure you want to abandon this character and quit the game? (Confirm with "yes".)

### ### #.# #.###
#.###...# ##.#..###
#.♣### ##.## ##. #.##
###....## #.#
##.......##
##.#####.........##
#...........>.....#.
##..%................
####.........#..........
..........####.........#


There were no monsters in sight!

Vanquished Creatures
  A phantom (D:5)
  A centaur (D:5)
  2 ogres (D:5)
  A crimson imp (D:5)
  A centaur skeleton (D:4)
  A hound (D:4)
  An orc wizard (D:4)
  2 worker ants
  A gnoll (D:1)
  An ooze (D:4)
  5 worms (D:3)
  3 dart slugs (D:1)
  4 leopard geckos
  5 orcs
  4 giant cockroaches
  10 goblins
  8 hobgoblins
  4 jackals (D:3)
  10 bats
  3 frilled lizards
  6 kobolds
  10 rats
84 creatures vanquished.

Notes
Turn   | Place    | Note
-------+----------+-------------------------------------------
     0 | D:1      | Zwobot the Vampire Monk began the quest for the Orb.
     0 | D:1      | Reached XP level 1. HP: 17/17 MP: 1/1
     2 | D:1      | Noticed a centaur
     2 | D:1      | Noticed a draconian
     4 | D:1      | Noticed a ghoul
     4 | D:1      | Noticed a merfolk
     6 | D:1      | Noticed a dwarf
     6 | D:1      | Noticed a demonspawn
     8 | D:1      | Noticed a halfling
     8 | D:1      | Noticed an elf
    10 | D:1      | Noticed a vampire
    10 | D:1      | Noticed a formicid
    12 | D:1      | Noticed a gargoyle
    12 | D:1      | Noticed a demigod
    14 | D:1      | Noticed a felid
    16 | D:1      | Noticed a vine stalker
    16 | D:1      | Noticed a minotaur
    18 | D:1      | Noticed an ogre
    20 | D:1      | Noticed a human
    20 | D:1      | Noticed a troll
    24 | D:1      | Noticed a tengu
    24 | D:1      | Noticed an octopode
    26 | D:1      | Noticed a spriggan
    26 | D:1      | Noticed a naga
   156 | D:1      | Reached XP level 2. HP: 23/23 MP: 2/2
   599 | D:1      | Reached XP level 3. HP: 29/29 MP: 3/3
   624 | D:1      | Reached skill level 4 in Long Blades
  1306 | D:3      | Reached XP level 4. HP: 30/35 MP: 4/4
  1961 | D:3      | Found a faded altar of an unknown god.
  1978 | D:3      | Became a worshipper of Vehumet
  1978 | D:3      | Reached * piety under Vehumet
  1978 | D:3      | Offered knowledge of Sandblast by Vehumet.
  1978 | D:3      | Reached ** piety under Vehumet
  2180 | D:3      | Offered knowledge of Throw Flame by Vehumet.
  2201 | D:3      | Reached *** piety under Vehumet
  2205 | D:3      | Learned a level 2 spell: Throw Flame
  2231 | D:3      | Offered knowledge of Stone Arrow by Vehumet.
  2525 | D:4      | Reached skill level 5 in Long Blades
  2647 | D:4      | Reached XP level 5. HP: 20/41 MP: 5/5
  2852 | D:4      | Found a shimmering altar of Xom.
  2980 | D:4      | Found Zekkaon's Antique Weapon Emporium.
  3057 | D:4      | Found Wocan's Antique Armour Shop.
  3070 | D:4      | Bought a pair of boots for 94 gold pieces
  3091 | D:4      | Got a bound graven amulet
  3116 | D:4      | Identified the amulet "Coynehy" {RegenMP rF+} (You found it on level 4 of the Dungeon)
  3129 | D:4      | Found Mynuphue's Antique Armour Emporium.
  3132 | D:4      | Bought a cloak for 112 gold pieces
  3287 | D:5      | Entered Level 5 of the Dungeon
  3290 | D:5      | Noticed a centaur
  3433 | D:5      | Got a crude helmet
  3439 | D:5      | Identified the +0 helmet of Gallantry {rElec Int+2 Slay-5 Stlth+} (You found it on level 5 of the Dungeon)
  3450 | D:5      | Noticed an ogre
  3460 | D:5      | Killed an ogre
  3460 | D:5      | Reached skill level 6 in Long Blades
  3460 | D:5      | Reached XP level 6. HP: 48/48 MP: 6/6
  3732 | D:5      | Reached XP level 7. HP: 39/55 MP: 7/7
  3783 | D:5      | Reached skill level 7 in Long Blades
  3784 | D:5      | Quit the game

Skill      XL: |  1  2  3  4  5  6  7 |
---------------+----------------------+-----
Fighting       | 3 4 |  4.7
Long Blades    | 4 5 6 7 |  7.2
Dodging        | |  3.2
Stealth        | |  3.0

Action                   |  1- 3 |  4- 6 |  7- 9 || total
-------------------------+-------+-------+-------++-------
Melee: Falchion          |   133 |   169 |    16 ||   318
       Bite              |    19 |    27 |     2 ||    48
Throw: Stone             |     9 |       |       ||     9
  Use: Scroll            |     3 |     2 |       ||     5
       Potion            |       |       |     3 ||     3
 Stab: Distracted        |     1 |       |       ||     1
       Sleeping          |       |    10 |       ||    10
  Eat: Corpse            |    11 |     5 |       ||    16
Armor: Robe              |    17 |       |       ||    17
       Ring mail         |    38 |     1 |       ||    39
       Leather armour    |       |    42 |     1 ||    43
Dodge: Dodged            |   106 |    92 |     9 ||   207
       Rpst.: Falchion   |    33 |    30 |     2 ||    65
